 Dungeon Crawl Stone Soup version 0.20.1-1-g8b1a95d (webtiles) character file.

32 vineage the Skirmisher (level 3, -1/29 HPs)
             Began as a Demonspawn Fighter on Oct 6, 2017.
             Slain by a worm (5 damage)
             ... on level 2 of the Dungeon.
             The game lasted 00:01:57 (816 turns).

vineage the Skirmisher (Demonspawn Fighter)          Turns: 816, Time: 00:01:58

Health: -1/29      AC:  7    Str: 17    XL:     3   Next: 8%
Magic:  0/3        EV:  7    Int:  9    God:
Gold:   27         SH:  9    Dex: 12    Spells: 2/2 levels left

rFire    . . .     SeeInvis .   a - +0 long sword
rCold    . . .     Gourm    .   c - +0 shield
rNeg     . . .     Faith    .   b - +0 scale mail
rPois    .         Spirit   +   (helmet restricted)
rElec    .         Reflect  .   k - +0 cloak
rCorr    .         Harm     .   (no gloves)
MR       .....                  (no boots)
Stlth    ..........             (no amulet)
Regen    0.1/turn               (no ring)
MPRegen  0.1/turn               (no ring)

@: no status effects
A: antennae 1, magic shield
a: no special abilities


You were on level 2 of the Dungeon.
You were not hungry.

You visited 1 branch of the dungeon, and saw 2 of its levels.

You collected 27 gold pieces.

Inventory:

Hand Weapons
 a - a +0 long sword (weapon)
Armour
 b - a +0 scale mail (worn)
 c - a +0 shield (worn)
 k - a +0 cloak (worn)
Scrolls
 e - 4 scrolls of identify {unknown}
 h - 2 scrolls of fear {unknown}
 j - a scroll of remove curse {unknown}
Potions
 d - a potion of might
 g - a potion of heal wounds {unknown}
 i - 2 potions of haste {unknown}
Comestibles
 f - a bread ration


   Skills:
 + Level 3.3 Fighting
 + Level 2.1 Long Blades
 + Level 3.0 Armour
 + Level 0.1 Dodging
 + Level 3.0 Shields


You had 2 spell levels left.
You didn't know any spells.

Dungeon Overview and Level Annotations

Branches:
Dungeon (2/15)

Altars:


Innate Abilities, Weirdness & Mutations

You have a pair of small antennae on your head.
When hurt, damage is shared between your health and your magic reserves.


Message History

The bat barely misses you. You block the rat's attack.
The bat hits you but does no damage.
The bat hits you but does no damage. x2; The rat bites you but does no damage.
You block the bat's attack. You block the rat's attack.
You block the bat's attack. The bat hits you. You block the rat's attack.
You block the bat's attack. You block the rat's attack.
The rat bites you but does no damage. The rat barely misses you.
The worm bites you. The rat bites you but does no damage.
The rat closely misses you. The worm bites you. The rat closely misses you.
The worm bites you.
* * * LOW HITPOINT WARNING * * *
The rat barely misses you.
You riposte.
You hit the rat.
The rat is heavily wounded.
You block the rat's attack. The worm bites you.
* * * LOW HITPOINT WARNING * * *
The rat bites you but does no damage. You block the rat's attack.
You block the worm's attack. The rat bites you but does no damage.
The worm bites you.
You die...

## .#
#############
.####...........##
......######.....#
.#..### .###...##
.#.## ..##...#
...# ######..#)..#
..## #....#..##@)#
..# ..%)..b..#wr#
..# #$r...#b.# ..#
#)....# ..#
#.....# ..#
#.....# ...
#......#
.......>..
..###...####


You could see a worm, a bat and a rat.

Vanquished Creatures
  A leopard gecko (D:1)
  3 bats (D:1)
  4 giant cockroaches
  5 goblins
  7 hobgoblins
  A frilled lizard (D:1)
  4 kobolds
  2 rats (D:1)
27 creatures vanquished.

Vanquished Creatures (others)
  A kobold (D:1)
1 creature vanquished.

Grand Total: 28 creatures vanquished

Notes
Turn   | Place    | Note
-------+----------+-------------------------------------------
     0 | D:1      | vineage the Demonspawn Fighter began the quest for the Orb.
     0 | D:1      | Reached XP level 1. HP: 18/18 MP: 1/1
    94 | D:1      | Gained mutation: You have a pair of small antennae on your head. [demonic ancestry]
    94 | D:1      | Reached XP level 2. HP: 17/24 MP: 2/2
   754 | D:2      | Gained mutation: When hurt, damage is shared between your health and your magic reserves. [demonic ancestry]
   754 | D:2      | Reached XP level 3. HP: 25/29 MP: 3/3
   816 | D:2      | Slain by a worm

Skill      XL: |  1  2 |
---------------+-------+-----
Armour         | 3 |  3.0
Shields        | 3 |  3.0
Long Blades    | 2 |  2.1
Fighting       | |  3.3
Dodging        | |  0.1

Action                   || total
-------------------------++-------
Melee: Long sword        ||    70
Armor: Scale mail        ||    83
Dodge: Dodged            ||    55
Block: Shield            ||   101
       Rpst.: Long sword ||    17
